AoeStats
← Андрей

Arabia

505661103Analyzed
1v1 RM · 21d ago on Sep 10, 2026· 86m 49s· 2 players
Game mode
Random Map
Map size
Tiny (2 player)
Population
200
Speed
Normal
Resources
Standard
Victory
Conquest
Starting age
Dark Age
Ending age
Imperial Age
RankedLock teamsTeams togetherTeam positionsShared explorationLock speedFull tech treeHidden civsTurbo modeCheats
Victory
Defeat
🇰🇿 Berbers · Kazakhstan
420
+16
🇹🇷 Huns · Türkiye
418
-16
3.KÖKTÜRK
11:34 Feudal Age
14:28 Horse Collar
17:11 Double-Bit Axe
21:05 Bloodlines
24:03 Scale Barding Armor
24:37 Scale Mail Armor
37:01 Castle Age
37:05 Stone Mining
60:06 Husbandry
73:42 Gold Mining
74:43 Chain Mail Armor
Андрей
0:44 Loom
15:05 Feudal Age
15:53 Gold Mining
15:54 Double-Bit Axe
15:52 Horse Collar
16:38 Town Watch
18:11 Wheelbarrow
17:33 Arson
23:04 Scale Mail Armor
32:16 Forging
32:11 Man-at-Arms
35:36 Scale Barding Armor
35:34 Padded Archer Armor
35:25 Fletching
40:00 Castle Age
40:17 Bloodlines
40:26 Stone Mining
41:04 Heavy Plow
41:42 Bow Saw
41:50 Husbandry
44:12 Squires
43:33 Pikeman
46:23 Chain Mail Armor
55:16 Kasbah
61:33 Hand Cart
61:56 Leather Archer Armor
65:21 Gold Shaft Mining
65:57 Iron Casting
67:22 Town Patrol
68:34 Light Cavalry
74:44 Imperial Age
75:34 Bodkin Arrow
77:52 Hoardings
77:38 Conscription
78:57 Heavy Camel Rider
78:57 Cavalier
80:33 Long Swordsman
82:40 Capped Ram
84:46 Hussar
86:06 Spies/Treason
Connection lost

Rejoining the realm…

Still unreachable

The connection could not be restored.

Session expired

The server has moved on; the page needs a fresh start.